Construct Infanterie Kompanie
Selects Luftwaffe Battlegroup
Selects Luftwaffe Pioneer Support
Fallschirmpioneer Squad Paradrop
Selects Stuka Strafing Run
Construct Luftwaffe Kompanie
Selects Fallschirmjäger Squad Paradrop
Fallschirmjäger Squad Paradrop
Fallschirmjäger Squad Paradrop
Fallschirmjäger Squad Paradrop
Construct Panzer Kompanie
Fallschirmjäger Squad Paradrop
Fallschirmjäger Squad Paradrop
Selects Flak 38 Anti-Air Emplacement
Selects Infantry Reserves
Fallschirmjäger Squad Paradrop